 Dungeon Crawl Stone Soup version 0.17.0-28-g6e173f8 (webtiles) character file.

136 R18 the Skirmisher (level 4, 0/45 HPs)
             Began as a Draconian Wanderer on Nov 29, 2015.
             Was a Believer of Trog.
             Slain by Grinder (1 damage)
             ... while paralysed by Grinder
             ... on level 3 of the Dungeon.
             The game lasted 00:05:56 (1721 turns).

R18 the Skirmisher (Draconian Wanderer)             Turns: 1721, Time: 00:05:56

Health: 0/45       AC:  6    Str: 15    XL:     4   Next: 98%
Magic:  4/4        EV:  2    Int: 12    God:    Trog [**....]
Gold:   132        SH:  0    Dex: 11    Spells: 0 memorised, 3 levels left

rFire  + . .     SeeInvis .     b - +0 mace
rCold  . . .     Clarity  .     (armour unavailable)
rNeg   . . .     SustAt   .     (no shield)
rPois  .         Gourm    .     (helmet restricted)
rElec  .         Spirit   .     u - +0 cloak
rCorr  .         Warding  .     (no gloves)
rMut   .         Stasis   .     (no boots)
MR     .....                    (no amulet)
Stlth  +.........               (no ring)
                                g - ring of protection from fire

@: paralysed, exhausted, slowed, drained, not resistant to hostile enchantments,
very unstealthy
A: unfitting armour, cold-blooded, AC +5
a: Berserk, Trog's Hand, Burn Spellbooks, Renounce Religion


You were on level 3 of the Dungeon.
You worshipped Trog.
Trog was pleased with you.
You were hungry.

You visited 1 branch of the dungeon, and saw 3 of its levels.

You collected 132 gold pieces.

Inventory:

Hand Weapons
 a - a +2 shortbow
 b - a +0 mace (weapon)
 t - a +3 quarterstaff of chaos
 x - a +0 blowgun
 z - a +0 flail
Missiles
 c - 28 arrows
 i - 22 steel sling bullets
 y - 23 poisoned needles
Armour
 u - a +0 cloak (worn)
Jewellery
 g - a ring of protection from fire (left hand)
Scrolls
 d - 3 scrolls of teleportation
 j - 2 scrolls of remove curse {unknown}
 m - a scroll of fear {unknown}
 s - a scroll of identify
 w - a scroll of random uselessness {unknown}
Potions
 k - 3 potions of curing
 l - 4 potions of degeneration {unknown}
 n - a potion of resistance {unknown}
 o - a potion of brilliance {unknown}
 p - a potion of cure mutation {unknown}
 q - a potion of lignification {unknown}
 r - a potion of poison {unknown}
Comestibles
 e - 3 bread rations
 f - 3 meat rations
 h - a beef jerky


   Skills:
 - Level 6.5 Fighting
   Level 1.0(2.5) Axes
 * Level 3.9 Maces & Flails
 + Level 2.3 Bows
 - Level 1.0(0.9) Stealth
   Level 1.0(0.9) Evocations


You had 3 spell levels left.
You didn't know any spells.

Dungeon Overview and Level Annotations

Branches:
Dungeon (3/15)

Altars:
Trog
Yredelemnul

Annotations:
D:3 Grinder


Innate Abilities, Weirdness & Mutations

Your plain brown scales are hard (AC +5).
Your body does not fit into most forms of armour.
You are cold-blooded and may be slowed by cold attacks.


Message History

Grinder hits you.
You writhe in agony.
You hit Grinder.
Grinder is moderately wounded.
You hit Grinder.
Grinder is heavily wounded.
You are no longer berserk.
You are exhausted.
You feel yourself slow down.
You are feeling hungry.
Grinder gestures.
Grinder blinks!
Grinder gestures at you.
You suddenly lose the ability to move!
Grinder hits you.
You writhe in agony.
Grinder hits you.
You writhe in agony.
* * * LOW HITPOINT WARNING * * *
Grinder hits you!
* * * LOW HITPOINT WARNING * * *
You writhe in agony.
You die...

....#
#......###.....#.#
....#
#.......###.#.#.....
....#
#..#######...#.##......
....# ..#
#....###.##...... ###.#
######.###..[........<
#.......##............
#....................
###$...5..##........
.......@..##......##
.###########......#
########


You could see Grinder.

Vanquished Creatures
  Crazy Yiuf (D:2)
  Natasha (D:2)
  2 adders (D:2)
  An ooze (D:2)
  3 giant geckos
  An orc (D:3)
  3 giant cockroaches
  2 gnoll zombies (D:2)
  6 hobgoblins
  7 jackals
  A quokka (D:2)
  A ball python (D:2)
  7 bats
  2 giant newts
  7 goblins
  7 kobolds
  5 rats
57 creatures vanquished.

Notes
Turn   | Place    | Note
--------------------------------------------------------------
     0 | D:1      | R18 the Draconian Wanderer began the quest for the Orb.
     0 | D:1      | R18 set off with: a +2 shortbow, 29 arrows, a +0 mace, a scroll of teleportation, a bread ration
     0 | D:1      | Reached XP level 1. HP: 25/25 MP: 1/1
    56 | D:1      | Reached skill level 1 in Maces & Flails
   123 | D:1      | Reached XP level 2. HP: 31/31 MP: 2/2
   573 | D:2      | Reached XP level 3. HP: 26/38 MP: 3/3
   583 | D:2      | Found a faded altar to an unknown god.
   644 | D:2      | Became a worshipper of Trog the Wrathful
   644 | D:2      | Reached * piety under Trog
   856 | D:2      | Noticed Natasha
   877 | D:2      | Killed Natasha
   877 | D:2      | Reached XP level 4. HP: 25/45 MP: 4/4
  1231 | D:2      | Found a basalt altar of Yredelemnul.
  1313 | D:2      | Noticed Crazy Yiuf
  1330 | D:2      | Killed Crazy Yiuf
  1506 | D:3      | Reached ** piety under Trog
  1700 | D:3      | Noticed Grinder
  1707 | D:3      | Paralysed by Grinder for 4 turns
  1716 | D:3      | Paralysed by Grinder for 7 turns
  1721 | D:3      | HP: 1/45 [Grinder (11)]
  1721 | D:3      | Slain by Grinder

Action                   |  1- 3 |  4- 6 || total
-------------------------+-------+-------++-------
Melee: Mace              |   112 |    78 ||   190
 Fire: Shortbow          |       |     4 ||     4
Invok: Berserk           |     1 |     1 ||     2
  Use: Scroll            |     2 |       ||     2
 Stab: Sleeping          |     1 |     1 ||     2
  Eat: Chunk             |       |     4 ||     4
